 Dungeon Crawl Stone Soup version 0.28-a0-1567-g1695149f81 (webtiles) character file.

Game seed: 16314756898111046389

61 pmoppi the Digger (level 4, -6/35 HPs)
             Began as a Ghoul Earth Elementalist on Jan 19, 2022.
             Killed from afar by an orc wizard (9 damage)
             ... with a magic dart
             ... on level 3 of the Dungeon.
             The game lasted 00:02:14 (2568 turns).

pmoppi the Digger (Ghoul Earth Elementalist)        Turns: 2568, Time: 00:02:15

Health: -6/35      AC:  2    Str: 11    XL:     4   Next: 7%
Magic:  6/6        EV: 12    Int: 12    God:
Gold:   64         SH:  0    Dex:  9    Spells: 6/7 levels left

rFire   . . .      SeeInvis .   (no weapon)
rCold   + . .      Faith    .   (no shield)
rNeg    + + +      Spirit   .   b - +0 robe
rPois   ∞          Reflect  .   (no helmet)
rElec   .          Harm     .   (no cloak)
rCorr   .          Rampage  .   (no gloves)
Will    .....                   (no boots)
Stlth   ++........              (no amulet)
HPRegen 0.00/turn               (no ring)
MPRegen 0.10/turn               (no ring)

@: inhibited regen
A: claws 1, cold resistance 1, negative energy resistance 3, inhibited
regeneration, torment resistance 2
a: no special abilities


You were on level 3 of the Dungeon.
You visited 1 branch of the dungeon, and saw 3 of its levels.

You collected 64 gold pieces.

Inventory:

Missiles
 c - 36 stones
Armour
 b - a +0 robe (worn)
Jewellery
 i - a ring of ice
Wands
 p - a wand of acid (7)
Scrolls
 a - a scroll of teleportation {unknown}
 d - a scroll of fog {unknown}
 e - 2 scrolls of identify {unknown}
 h - 3 scrolls of fear {unknown}
 k - a scroll of magic mapping {unknown}
 m - a scroll of amnesia {unknown}
 o - a scroll of noise {unknown}
Potions
 f - a potion of lignification {unknown}
 g - a potion of resistance {unknown}
 j - a potion of brilliance {unknown}
 l - a potion of ambrosia {unknown}
 n - a potion of flight {unknown}


   Skills:
 + Level 1.6 Fighting
 + Level 2.3 Dodging
 - Level 2.2 Stealth
 + Level 2.3 Spellcasting
 - Level 1.0 Transmutations
 + Level 3.8 Earth Magic


You had 6 spell levels left.
You knew the following spells:

 Your Spells              Type           Power      Damage    Failure   Level
a - Sandblast             Erth           20%        2d7       5%          1

Your spell library contained the following spells:

 Spells                   Type           Power      Damage    Failure   Level
 Passwall                 Tmut/Erth      5%         N/A       14%         2
 Stone Arrow              Conj/Erth      12%        3d7       34%         3
 Ensorcelled Hibernation  Hex/Ice        2%         N/A       38%         2
 Swiftness                Air            1%         N/A       63%         3
 Petrify                  Tmut/Erth      7%         N/A       67%         4


Dungeon Overview and Level Annotations

Branches:
Dungeon (3/15)

Altars:


Innate Abilities, Weirdness & Mutations

You thrive by killing the living.
You are immune to poison.
You have sharp fingernails.
Your flesh is cold resistant. (rC+)
You are immune to negative energy. (rN+++)
You do not regenerate when monsters are visible.
You are immune to unholy pain and torment.


Message History

You barely miss the worm.
The worm is heavily wounded.
An orc comes into view. It is wielding a +0 short sword.
The orc shouts!
You scratch the worm but do no damage.
The worm is heavily wounded.
The worm misses you.
You scratch the worm.
The worm is heavily wounded.
An orc wizard comes into view. It is wielding a +0 dagger.
The worm bites you but does no damage.
The orc wizard shouts!
You scratch the worm.
The worm is severely wounded.
The orc wizard gestures wildly while chanting.
The orc wizard flickers and vanishes!
Deactivating autopickup; reactivate with Ctrl-A.
You scratch the worm.
The worm is almost dead.
The worm barely misses you.
An orc comes into view. It is wielding a +0 hand axe.
The orc shouts!
You scratch the worm.
You kill the worm!
The rat bites you.
* * * LOW HITPOINT WARNING * * *
You scratch the rat.
You kill the rat!
You feel better.
An orc comes into view. It is wielding a +0 club.
The orc hits you with a +0 short sword.
* * * LOW HITPOINT WARNING * * *
A bat comes into view.
You see here a worm corpse.
The orc shouts!
You hear an angry hiss.
The orc barely misses you.
You see here 10 gold pieces.
A magic dart appears from out of thin air!
The magic dart hits you!
You die...

####### .. #.....#....
#.....#......
#............##
#.............#
###.............#
######...............#
#.....@.o...........#
........#†.....#......
##..#.#.#........# #
... #.#.#..{o.#.## #.
. ......###o#.# ##..
....##.# #.#.# ##...
##### #.# #.#.# #..#
#.# #{#.###†# ..
#o#.#.o.#


You could see 3 orcs.

Vanquished Creatures
  2 adders (D:2)
  2 worms
  2 endoplasms
  4 giant cockroaches (D:1)
  2 goblins (D:1)
  2 hobgoblins
  3 jackals (D:1)
  4 kobolds
  A quokka (D:2)
  4 ball pythons
  4 bats
  2 frilled lizards
  3 rats
35 creatures vanquished.

Notes
Turn   | Place    | Note
-------+----------+-------------------------------------------
     0 | D:1      | pmoppi the Ghoul Earth Elementalist began the quest for the
                  | Orb.
     0 | D:1      | Reached XP level 1. HP: 14/14 MP: 2/2
    21 | D:1      | Reached skill level 1 in Transmutations
   250 | D:1      | Reached XP level 2. HP: 22/22 MP: 3/3
   621 | D:1      | Reached skill level 1 in Fighting
   712 | D:1      | Reached XP level 3. HP: 22/28 MP: 5/5
  2515 | D:3      | Reached XP level 4. HP: 35/35 MP: 6/6
  2568 | D:3      | Killed from afar by an orc wizard

Illustrated notes

Levels and vault maps discovered:
D:1:      sevenhm_arrival_forest_fort_small_4, layout_rooms
D:2:      layout_basic, serial_co_window_serial, co_window_cross_1,
          co_window_paths_a, co_window_paths_a, co_window_paths_a,
          co_window_corner_a, co_window_of_opportunity_a, co_window_paths_b,
          co_window_corner_a, co_window_corner_a, co_window_corner_b,
          co_window_2corner, co_window_corner_cb, co_window_of_opportunity_c,
          co_window_broadway_c, co_window_unsneaky_path_e, glass_columns_c,
          glass_columns_b
D:3:      layout_rooms, mainiacjoe_overflow_two_lobes,
          hellmonk_ecumenical_altar_zigzags

Skill      XL: |  1  2 |
---------------+-------+-----
Transmutations | 1 |  1.0
Dodging        | 2 |  2.3
Spellcasting   | 2 |  2.3
Fighting       | 1 |  1.6
Stealth        | |  2.2
Earth Magic    | |  3.8

Action                   |  1- 3 |  4- 6 || total
-------------------------+-------+-------++-------
Melee: Unarmed           |   146 |    17 ||   163
       Punch             |     2 |       ||     2
 Cast: Sandblast         |     2 |       ||     2
 Stab: Sleeping          |     4 |       ||     4
Armor: Robe              |    36 |     2 ||    38
Dodge: Dodged            |   101 |     4 ||   105

Table legend: (Time is in decaauts)
 A = Elapsed time spent in this place.
 B = Non-inter-level travel time spent in this place.
 C = Inter-level travel time spent in this place.
 D = Time resting spent in this place.
 E = Time spent auto-exploring this place.
 F = Levels seen in this place.
 G = Mean time per level.
                   A        B        C        D        E       F      G
               +--------+--------+--------+--------+--------+-----+--------+
         Total |   2570 |   2504 |     66 |      0 |   2165 |   3 |  856.7 |
       Dungeon |   2570 |   2504 |     66 |      0 |   2165 |   3 |  856.7 |
               +--------+--------+--------+--------+--------+-----+--------+

Top non-repeatable levels by time:
     D:2: 1535 daAuts
     D:1: 977 daAuts
     D:3: 57 daAuts
